 Dungeon Crawl Stone Soup version 0.20.1-1-g8b1a95d (webtiles) character file.

1318 mopl the Covered (level 8, -4/64 HPs)
             Began as a Formicid Wanderer on Oct 18, 2017.
             Slain by an orc warrior
             ... wielding a +0 long sword
              (7 damage)
             ... on level 6 of the Dungeon.
             The game lasted 00:07:58 (5567 turns).

mopl the Covered (Formicid Wanderer)                Turns: 5567, Time: 00:07:59

Health: -4/64      AC: 14    Str: 17    XL:     8   Next: 90%
Magic:  11/11      EV:  5    Int: 13    God:
Gold:   263        SH:  0    Dex: 11    Spells: 11/11 levels left

rFire    . . .     SeeInvis +   b - +0 dagger (elec)
rCold    . . .     Gourm    .   (no shield)
rNeg     . . .     Faith    +   A - +0 plate armour
rPois    .         Spirit   .   (helmet unavailable)
rElec    .         Reflect  .   (no cloak)
rCorr    .         Harm     .   (no gloves)
MR       ++...                  H - +0 pair of boots
Stlth    ..........             r - amulet of faith {!P}
Regen    0.2/turn               l - ring of protection from magic
MPRegen  0.2/turn               x - ring of protection from magic

@: no status effects
A: permanent stasis, dig shafts and tunnels, four strong arms, antennae 3
a: Dig, Shaft Self


You were on level 6 of the Dungeon.
You were not hungry.

You visited 1 branch of the dungeon, and saw 6 of its levels.
You also visited: Sewer.

You collected 263 gold pieces.

Inventory:

Hand Weapons
 b - a +0 dagger of electrocution (weapon)
 d - a +0 club
 v - a +0 hand axe
 y - a +0 blowgun
 D - a +1 short sword of venom
Missiles
 p - 17 poisoned needles
Armour
 A - a +0 plate armour (worn)
 H - a +0 pair of boots (worn)
Jewellery
 a - an uncursed ring of flight
 l - a ring of protection from magic (left hand)
 r - an amulet of faith (around neck) {!P}
 x - a ring of protection from magic (right hand)
Wands
 F - a wand of clouds (5/9)
Scrolls
 e - 4 scrolls of amnesia {unknown}
 i - 5 scrolls of remove curse {unknown}
 k - 8 scrolls of identify {unknown}
 o - 4 scrolls of teleportation {unknown}
 s - a scroll of recharging {unknown}
 t - a scroll of immolation {unknown}
 E - 2 scrolls of enchant weapon {unknown}
Potions
 c - 5 potions of curing
 h - 2 potions of might
 j - 3 potions of brilliance {unknown}
 m - a potion of magic {unknown}
 q - 3 potions of flight {unknown}
 u - a potion of cancellation {unknown}
 w - a potion of lignification {unknown}
 z - a potion of mutation {unknown}
 B - a potion of agility {unknown}
 C - 4 potions of heal wounds {unknown}
Comestibles
 f - 3 bread rations
 g - 2 royal jellies
 n - 4 meat rations
 G - a chunk of flesh


   Skills:
 + Level 5.8 Fighting
 * Level 6.3(6.4) Axes
 - Level 1.0(4.0) Maces & Flails
 + Level 6.4 Armour
 - Level 1.2 Stealth
   Level 1.2 Shields
 - Level 2.1 Spellcasting
   Level 2.6 Conjurations


You had 11 spell levels left.
You didn't know any spells.

Dungeon Overview and Level Annotations

Branches:
Dungeon (6/15)
 Temple: D:4-7

Altars:
Cheibriados


Innate Abilities, Weirdness & Mutations

You cannot be hasted, slowed, berserked, paralysed or teleported.
You can dig through walls and to a lower floor.
Your four strong arms can wield two-handed weapons with a shield.
You have a pair of large antennae on your head. (SInv)


Message History

The orc warrior is severely wounded.
The orc warrior hits you with a long sword!
* * * LOW HITPOINT WARNING * * *
You hit the orc warrior but do no damage.
The orc warrior is severely wounded.
The orc warrior hits you with a long sword!
* * * LOW HITPOINT WARNING * * *
You barely miss the orc warrior.
The orc warrior is severely wounded.
The orc warrior closely misses you.
You hit the orc warrior.
The orc warrior is almost dead.
The orc warrior hits you with a long sword.
* * * LOW HITPOINT WARNING * * *
You hit the orc warrior.
The orc warrior is almost dead.
You hit the orc warrior but do no damage.
The orc warrior is almost dead.
The orc warrior hits you with a long sword!
You die...

# ###### ##..#
.....#############......
.....'..........@oo.....
.....#############.###..
###### .. ##


You could see an orc warrior and an orc.

Vanquished Creatures
  The ghost of vineage the Slasher, a novice VSFi (D:5)
  2 orc warriors
  A centaur (D:5)
  A big kobold (Sewer)
  A howler monkey (D:5)
  A quasit (D:5)
  4 orc wizards
  5 hounds
  An orc priest (D:4)
  2 centaur skeletons (D:4)
  A worker ant (D:5)
  A hound skeleton (D:5)
  Robin (D:2)
  11 gnolls
  5 adders
  An ooze (D:4)
  An adder zombie (D:1)
  An adder skeleton (D:5)
  4 worms
  3 dart slugs
  4 leopard geckos
  15 orcs
  2 giant cockroaches
  10 hobgoblins
  7 jackals (D:3)
  22 kobolds
  3 ball pythons
  8 bats
  4 frilled lizards
  12 goblins
  A quokka zombie (D:1)
  12 rats
148 creatures vanquished.

Vanquished Creatures (others)
  An orc wizard (D:3)
1 creature vanquished.

Grand Total: 149 creatures vanquished

Notes
Turn   | Place    | Note
-------+----------+-------------------------------------------
     0 | D:1      | mopl the Formicid Wanderer began the quest for the Orb.
     0 | D:1      | mopl set off with: a +2 scale mail, Taogics's Handbook of the Volcanoes, a potion of curing, a +0 club, a bread ration
     0 | D:1      | Reached XP level 1. HP: 13/13 MP: 3/3
     0 | D:1      | Identified Taogics's Handbook of the Volcanoes
   282 | D:1      | Reached skill level 1 in Fighting
   295 | D:1      | Reached XP level 2. HP: 21/21 MP: 5/5
   788 | D:1      | Reached skill level 2 in Fighting
   788 | D:1      | Reached XP level 3. HP: 20/27 MP: 6/6
  1267 | D:2      | Reached skill level 3 in Armour
  1354 | D:2      | Reached XP level 4. HP: 30/34 MP: 7/7
  1402 | D:2      | Noticed Robin
  1728 | D:2      | Killed Robin
  1728 | D:2      | Reached skill level 3 in Fighting
  1942 | D:1      | Reached XP level 5. HP: 41/41 MP: 8/8
  2135 | D:2      | Found a snail-covered altar of Cheibriados.
  2487 | D:3      | Reached skill level 1 in Axes
  2507 | D:3      | Reached skill level 4 in Armour
  2744 | D:3      | Reached skill level 2 in Axes
  2753 | D:3      | Reached XP level 6. HP: 33/47 MP: 9/9
  3478 | D:3      | Reached skill level 3 in Axes
  3627 | D:4      | Reached skill level 4 in Fighting
  3627 | D:4      | Reached XP level 7. HP: 39/54 MP: 10/10
  3717 | D:4      | Found a glowing drain.
  3746 | Sewer    | Entered a sewer
  3907 | Sewer    | Reached skill level 5 in Armour
  4427 | D:4      | Reached skill level 4 in Axes
  4731 | D:5      | Entered Level 5 of the Dungeon
  4870 | D:4      | Reached XP level 8. HP: 36/61 MP: 11/11
  5023 | D:5      | Noticed vineage's ghost (novice VSFi)
  5040 | D:5      | Killed vineage's ghost
  5040 | D:5      | Reached skill level 5 in Fighting
  5040 | D:5      | Reached skill level 5 in Axes
  5064 | D:5      | Reached skill level 6 in Armour
  5307 | D:5      | Reached skill level 6 in Axes
  5565 | D:6      | HP: 2/64 [orc warrior/long sword (2)]
  5567 | D:6      | Slain by an orc warrior

Skill      XL: |  1  2  3  4  5  6  7  8 |
---------------+-------------------------+-----
Fighting       | 1 2 3 4 5 |  5.8
Armour         | 3 4 5 6 |  6.4
Axes           | 2 3 4 6 |  6.3
Maces & Flails | |  1.0
Stealth        | |  1.2
Shields        | |  1.2
Spellcasting   | |  2.1
Conjurations   | |  2.6

Action                   |  1- 3 |  4- 6 |  7- 9 || total
-------------------------+-------+-------+-------++-------
Melee: Club              |    40 |       |       ||    40
       Dagger            |    58 |   273 |   257 ||   588
 Abil: Dig               |       |     3 |     1 ||     4
  Use: Potion            |       |       |     1 ||     1
  Eat: Chunk             |     1 |     8 |     7 ||    16
Armor: Scale mail        |    44 |   146 |   128 ||   318
       Plate armour      |       |       |    94 ||    94
Dodge: Dodged            |    54 |   140 |   126 ||   320
